 Dungeon Sprint DCSS version 0.17-a0-1-g1f4be75 (webtiles) character file.

2600000 Medar the Intangible (level 16, -12/116 HPs)
             Began as a Spriggan Monk on Mar 13, 2015.
             Was a High Priest of Makhleb.
             Killed from afar by a large bag of meat (42 damage)
             ... with an exploding inner flame
             ... in the Dungeon (Sprint VIII: "Arena of Blood").
             The game lasted 00:01:09 (26 turns).

Medar the Intangible (Spriggan Monk)                  Turns: 26, Time: 00:01:09

Health: -12/116    AC:  4    Str:  7    XL:     16   Next: 66%
Magic:  25/25      EV: 44    Int: 13    God:    Makhleb [*****.]
Gold:   0          SH:  0    Dex: 24    Spells: 0 memorised, 15 levels left

rFire  . . .     SeeInvis +     i - +∞ Axe of Woe
rCold  . . .     Clarity  .     a - +0 robe
rNeg   . . .     SustAb   .     (shield restricted)
rPois  .         Gourm    .     (helmet restricted)
rElec  .         Spirit   .     (no cloak)
rCorr  .         Warding  .     (gloves unavailable)
rMut   .         NoTele   +     (boots unavailable)
MR     ++...                    (no amulet)
Stlth  +++.......               (no ring)
                                (no ring)

@: very quick, very resistant to hostile enchantments, fairly stealthy
A: unfitting armour, see invisible, herbivore 3, speed 3, slow metabolism 2
a: Minor Destruction, Lesser Servant of Makhleb, Major Destruction, Greater
Servant of Makhleb, Renounce Religion


You were in the Dungeon.
You worshipped Makhleb.
Makhleb was extremely pleased with you.
You were not hungry.

You visited 1 branch

Inventory:

Hand weapons
 i - the +∞ Axe of Woe (weapon)
   (You found it in the Dungeon)
Armour
 a - a +0 robe (worn)
Jewellery
 j - a +30 ring of slaying
Scrolls
 h - a scroll of blinking
Potions
 c - a potion of curing {@q1}
 d - a potion of heal wounds
 e - a potion of haste
 f - 2 potions of magic
 g - a potion of berserk rage {!q}
Comestibles
 b - a bread ration


   Skills:
 O Level 27 Fighting
 + Level 23.5 Armour
 O Level 27 Dodging
 - Level 3.0 Stealth
 - Level 3.2 Unarmed Combat


You had 15 spell levels left.
You didn't know any spells.

Dungeon Overview and Level Annotations

Branches:
Dungeon (1/1)

Altars:
Makhleb

Annotations:
D The Servant


Innate Abilities, Weirdness & Mutations

You are tiny and cannot use many weapons and most armour.
You have supernaturally acute eyesight.
You are a herbivore.
You cover ground extremely quickly.
You need consume almost no food.


Message History

Makhleb accepts your kill.
You feel a little better.
Your Armour skill increases to level 23!
You hear a shout! x7
The Servant appears out of thin air!
Harold the Weathered comes into view.
He is wielding a +9 glaive of flaming.
You hear a shout! x2
The bag of meat hits you with a +9 war axe!
You hear a shout!
The bag of meat hits you with a +9 war axe!!
The large bag of meat hits you with a +9 giant spiked club!!!
* * * LOW HITPOINT WARNING * * *
An orc and an ogre come into view.
Unknown command.
The Servant shouts!
The bag of meat shouts!
You slash the large bag of meat!
You cleave the large bag of meat in twain.
The large bag of meat explodes!
The fiery explosion engulfs you!
You die...

.....#..)..#......
. #_.<._#......
....#..)).#......
........_.)........
......###)........#
.###.......###.....
#.......#§§...O.
#.......#§§......
.....o..oo@o§......
........o)o).o#...#
.........o..#....
...@.....##.....
.......#. ... #
......#.. ###
........ o...... .
#


You could see The Servant, a meat berserker (berserk) and 9 bags of meat.

Vanquished Creatures
  6 ogres (D)
  7 orcs (D)
13 creatures vanquished.

Notes
Turn   | Place    | Note
--------------------------------------------------------------
     0 | D        | Medar, the Spriggan Monk, began the quest for the Orb.
     0 | D        | Reached XP level 1. HP: 11/11 MP: 2/2
     3 | D        | Noticed a bag of meat
     3 | D        | Noticed a meat berserker
     4 | D        | Killed a meat berserker
     4 | D        | Reached skill level 14 in Fighting
     4 | D        | Reached skill level 10 in Armour
     4 | D        | Reached skill level 22 in Dodging
     4 | D        | Reached XP level 2. HP: 13/30 MP: 4/4
     4 | D        | Reached XP level 3. HP: 14/34 MP: 6/6
     4 | D        | Reached XP level 4. HP: 16/39 MP: 8/8
     4 | D        | Reached XP level 5. HP: 17/43 MP: 10/10
     4 | D        | Reached XP level 6. HP: 18/48 MP: 12/12
     4 | D        | Reached XP level 7. HP: 19/52 MP: 14/14
     4 | D        | Reached XP level 8. HP: 20/57 MP: 16/16
     4 | D        | Reached XP level 9. HP: 21/61 MP: 18/18
     4 | D        | Reached XP level 10. HP: 22/66 MP: 19/19
     4 | D        | Reached XP level 11. HP: 23/70 MP: 20/20
     5 | D        | Became a worshipper of Makhleb the Destroyer
     5 | D        | Acquired Makhleb's first power
     5 | D        | Acquired Makhleb's second power
     6 | D        | Noticed a meat berserker
     8 | D        | Noticed a meat berserker
     8 | D        | Noticed a bag of meat
     9 | D        | Noticed a bag of meat
    10 | D        | Noticed a bag of meat
    10 | D        | Noticed a bag of meat
    11 | D        | Noticed a meat berserker
    12 | D        | Killed a meat berserker
    12 | D        | Reached skill level 25 in Dodging
    12 | D        | Reached XP level 12. HP: 25/79 MP: 21/21
    12 | D        | Killed a bag of meat
    12 | D        | Reached skill level 27 in Dodging
    12 | D        | Reached XP level 13. HP: 83/86 MP: 22/22
    13 | D        | Noticed a bag of meat
    13 | D        | Killed a meat berserker
    13 | D        | Acquired Makhleb's third power
    14 | D        | Killed a meat berserker
    14 | D        | Reached skill level 15 in Armour
    14 | D        | Reached XP level 14. HP: 61/97 MP: 23/23
    15 | D        | Noticed a bag of meat
    15 | D        | Killed a bag of meat
    15 | D        | Acquired Makhleb's fourth power
    16 | D        | Killed a bag of meat
    16 | D        | Reached XP level 15. HP: 103/105 MP: 24/24
    16 | D        | Killed a bag of meat
    16 | D        | Killed a bag of meat
    16 | D        | Acquired Makhleb's fifth power
    18 | D        | Killed a bag of meat
    19 | D        | Noticed a bag of meat
    20 | D        | Noticed a bag of meat
    20 | D        | Noticed a bag of meat
    21 | D        | Noticed a bag of meat
    21 | D        | Noticed a meat berserker
    22 | D        | Noticed a bag of meat
    22 | D        | Noticed a bag of meat
    22 | D        | Noticed a large bag of meat
    23 | D        | Noticed a bag of meat
    23 | D        | Noticed a bag of meat
    23 | D        | Noticed a meat berserker
    24 | D        | Killed a meat berserker
    24 | D        | Reached skill level 27 in Fighting
    24 | D        | Reached XP level 16. HP: 114/116 MP: 25/25
    24 | D        | Killed a bag of meat
    25 | D        | Noticed a bag of meat
    25 | D        | Killed a meat berserker
    26 | D        | Noticed a meat berserker
    26 | D        | Noticed The Servant
    26 | D        | Noticed a bag of meat
    26 | D        | Killed a large bag of meat
    26 | D        | Killed from afar by a large bag of meat

Action                   |  1- 3 |  4- 6 |  7- 9 | 10-12 | 13-15 | 16-18 || total
-------------------------+-------+-------+-------+-------+-------+-------++-------
Melee: Broad axe         |     1 |       |       |     1 |     6 |     2 ||    10
